 Dungeon Crawl Stone Soup version 0.22-a0-782-g038298e (webtiles) character file.

16328 jerryfan the Covert (level 12, -7/72 HPs)
             Began as a Halfling Assassin on July 17, 2018.
             Was a Believer of Dithmenos.
             Killed from afar by Azrael (34 damage)
             ... with damnation
             ... on level 11 of the Dungeon on July 19, 2018.
             The game lasted 01:09:35 (15568 turns).

jerryfan the Covert (Halfling Assassin)            Turns: 15568, Time: 01:09:39

Health: -7/72      AC: 11    Str: 12    XL:     12   Next: 68%
Magic:  17/17      EV: 20    Int: 18    God:    Dithmenos [**....]
Gold:   1207       SH: 12    Dex: 29    Spells: 10/11 levels left

rFire    . . .     SeeInvis .   o - +4 dagger (pierce)
rCold    + . .     Gourm    .   f - +0 shield of the Bulwark {rElec Int+9 Slay+3}
rNeg     . . .     Faith    .   R - +4 robe "Kiskajerch" {Dex+8}
rPois    .         Spirit   .   (no helmet)
rElec    +         Reflect  .   r - +2 cloak
rCorr    .         Harm     .   N - +0 pair of gloves
MR       +....                  A - +0 pair of boots
Stlth    ++++++++..             q - amulet of rage
HPRegen  0.22/turn              u - ring of protection from magic
MPRegen  0.15/turn              G - ring of protection from cold

@: about to teleport, wreathed by umbra, invisible
A: small, mutation resistance 1
a: Shadow Step, Renounce Religion, Evoke Berserk Rage


You were on level 11 of the Dungeon.
You worshipped Dithmenos.
Dithmenos was pleased with you.
You were not hungry.

You visited 2 branches of the dungeon, and saw 13 of its levels.
You also visited: Sewer.

You collected 1609 gold pieces.
You spent 402 gold pieces at shops.

Inventory:

Hand Weapons
 b - a +0 blowgun
 j - a +1 short sword of holy wrath
 m - a +1 dagger
 o - a +4 dagger of piercing (weapon)
 K - a +4 dagger of venom
Missiles
 e - 105 poisoned needles
 h - 276 stones
 w - 16 tomahawks (quivered)
 E - 2 throwing nets
Armour
 c - a +0 robe
 d - a +0 cloak
 f - the +0 shield of the Bulwark (worn) {rElec Int+9 Slay+3}
   (You bought it in a shop on level 5 of the Dungeon)

   It affects your intelligence (+9).
   It affects your accuracy and damage with ranged weapons and melee attacks
   (+3).
   It insulates you from electricity.
 r - a +2 cloak (worn)
 A - a +0 pair of boots (worn)
 F - a +1 leather armour of cold resistance
 H - a +1 robe of cold resistance
 M - a +1 robe of magic resistance
 N - a +0 pair of gloves (worn)
 O - a +0 troll leather armour
 R - the +4 robe "Kiskajerch" (worn) {Dex+8}
   (You bought it in a shop on level 6 of the Dungeon)

   It affects your dexterity (+8).
Jewellery
 q - an amulet of rage (around neck)
 u - a ring of protection from magic (left hand)
 y - the ring "Situs" {rF+ rN+++ Str+5 Int-5 Slay-4}
   (You took it off an orc wizard on level 9 of the Dungeon)

   [ring of strength]

   It affects your strength (+5).
   It affects your intelligence (-5).
   It affects your accuracy and damage with ranged weapons and melee attacks
   (-4).
   It protects you from fire.
   It renders you almost immune to negative energy.
 B - an uncursed ring of flight {unknown}
 C - an uncursed ring of ice
 D - an uncursed ring of ice
 G - a ring of protection from cold (right hand)
 L - a cursed -4 ring of evasion {unknown}
Wands
 a - a wand of flame (44)
 v - a wand of polymorph (10)
Scrolls
 i - 5 scrolls of teleportation
 k - 2 scrolls of remove curse
 l - 7 scrolls of identify
 x - 3 scrolls of enchant armour
 I - 2 scrolls of immolation
 J - a scroll of fog
Potions
 n - a potion of haste
 p - 8 potions of curing
 s - 2 potions of lignification {unknown}
 z - 3 potions of cancellation {unknown}
 P - a potion of heal wounds
 T - a potion of flight
Comestibles
 g - 9 rations
 S - 4 chunks of flesh


   Skills:
 - Level 2.4 Fighting
 * Level 12.9 Short Blades
 - Level 2.6 Throwing
 + Level 6.4 Dodging
 * Level 13.3 Stealth
 * Level 8.5 Shields
 + Level 7.4 Evocations


You had 10 spell levels left.
You knew the following spells:

 Your Spells              Type           Power        Failure   Level  Hunger
a - Apportation           Tloc           #.....       56%         1    ##.....

Your spell library contained the following spells:

 Spells                   Type           Power        Failure   Level  Hunger
 Magic Dart               Conj           #...         56%         1    ##.....
 Mephitic Cloud           Conj/Pois/Air  #.......     90%         3    ####...
 Venom Bolt               Conj/Pois      #.........   100%        5    ######.
 Olgreb's Toxic Radiance  Pois           #.......     100%        4    #####..
 Summon Small Mammal      Summ           #...         56%         1    ##.....
 Iskenderun's Mystic Bla  Conj           #.......     100%        4    #####..
 Animate Skeleton         Necr           N/A          56%         1    ##.....
 Sting                    Conj/Pois      #...         56%         1    ##.....
 Confusing Touch          Hex            #.....       56%         1    ##.....
 Fulminant Prism          Conj/Hex       #.........   100%        4    #####..
 Dazzling Spray           Conj/Hex       #.....       90%         3    ####...
 Force Lance              Conj/Tloc      #.......     100%        4    #####..
 Searing Ray              Conj           #.....       71%         2    ###....
 Poisonous Vapours        Pois/Air       #.....       71%         2    ###....


Dungeon Overview and Level Annotations

Branches:
Dungeon (12/15)            Temple (1/1) D:4            Lair (0/6) D:9
    Orc (0/2) D:9

Altars:
Ashenzari
Cheibriados
Dithmenos
Elyvilon
Fedhas
Gozag
Hepliaklqana
Kikubaaqudgha
Makhleb
Nemelex Xobeh
Okawaru
Qazlal
Ru
Sif Muna
Trog
Uskayaw
Vehumet
Wu Jian
Xom
Yredelemnul
Zin
The Shining One

Shops:
D:4 [   D:5 [%   D:6 *

Annotations:
D:8 exclusion: downstairs
D:11 Azrael


Innate Abilities, Weirdness & Mutations

You are small and have problems with some larger weapons.
You are somewhat resistant to further mutation.


Message History

Press: ? - help, Shift-Dir - straight line, f - Azrael
Aim: Azrael, wielding a scimitar of flaming (umbra)
The burst of metal fragments hits Azrael. x8
Azrael is lightly wounded.
The now-empty wand crumbles to dust.
You are covered in liquid flames!
Azrael hits you with a scimitar of flaming!
Azrael burns you.
Press: ? - help, v - describe, . - travel A stone staircase leading down, spattered with blood.
This square is wreathed by an umbra.
As you read the scroll of teleportation, it crumbles to dust.
You feel strangely unstable.
You are covered in liquid flames!
It was a potion of invisibility.
You become transparent, but the glow from your liquid flames prevents you from becoming completely invisible.
You are covered in liquid flames!
Azrael gestures at you.
The sphere of damnation explodes!
The damnation engulfs you!
You die...

.......# .....### (....#
.....# ##### ##..## #...#
##.## ######.#.# ###..#
#....#.#.#
.....###########.##.#.#.###
.....[))..>.....@.........#
....#.######.###R##...#.#.#
#####.# #.# #........#.#
......# #.# #......###.#
####..# #.# ##.........#
...#..######.## #####.#####
##.#...#......# #.#
#.#.#.#...)..# #.#
#.#.#........# #.#


You could see Azrael.

Vanquished Creatures
  Josephine (D:10)
  Harold (D:10)
  Erica (D:8)
  4 two-headed ogres
  A skeletal warrior (D:9)
  Pikel (D:4)
  4 trolls
  A hornet (D:10)
  A meliai (D:9)
  2 hippogriffs
  Prince Ribbit (D:6)
  9 yaks
  3 wraiths (D:10)
  Sigmund (D:2)
  A hungry ghost (D:8)
  Menkaure (D:5)
  Edmund (D:4)
  2 wargs (D:9)
  Duvessa (D:6)
  7 orc warriors
  4 sky beasts
  4 ogres
  3 ice beasts
  2 phantoms
  2 necrophages (D:9)
  A centaur (D:11)
  Blork the orc (D:6)
  6 big kobolds (Sewer)
  10 bullfrogs
  Dowan (D:6)
  A water moccasin skeleton (D:9)
  19 killer bees
  A scorpion (D:9)
  3 wights (D:10)
  2 howler monkeys (D:7)
  4 crimson imps
  10 orc priests
  3 centaur skeletons
  6 hounds
  2 jellies
  Crazy Yiuf (D:2)
  A bullfrog skeleton (D:9)
  15 orc wizards
  4 iguanas
  9 worker ants
  2 hound zombies
  2 worker ant zombies
  17 adders
  3 river rats (Sewer)
  2 shadow imps
  4 oozes (Sewer)
  2 adder zombies (D:8)
  An adder skeleton (D:5)
  5 worms
  2 dart slugs
  8 leopard geckos
  36 orcs
  8 bats
  6 giant cockroaches
  7 goblins
  6 hobgoblins
  4 jackals (D:4)
  3 quokkas
  5 ball pythons
  2 frilled lizards
  12 kobolds
  A leopard gecko zombie (D:8)
  6 rats
303 creatures vanquished.

Vanquished Creatures (others)
  A slave (D:4)
  An ogre (D:4)
  An orc wizard (D:10)
3 creatures vanquished.

Grand Total: 306 creatures vanquished

Notes
Turn   | Place    | Note
-------+----------+-------------------------------------------
     0 | D:1      | jerryfan the Halfling Assassin began the quest for the Orb.
     0 | D:1      | Reached XP level 1. HP: 14/14 MP: 1/1
   190 | D:1      | Reached XP level 2. HP: 19/19 MP: 2/2
   956 | D:2      | Reached XP level 3. HP: 19/24 MP: 3/3
  1072 | D:2      | Noticed Sigmund
  1193 | D:2      | Killed Sigmund
  1193 | D:2      | Reached skill level 5 in Stealth
  1193 | D:2      | Reached XP level 4. HP: 23/30 MP: 4/4
  1193 | D:2      | Reached XP level 5. HP: 26/35 MP: 5/5
  1903 | D:2      | Found a runed door.
  1908 | D:2      | Noticed Crazy Yiuf
  1920 | D:2      | Killed Crazy Yiuf
  1920 | D:2      | Reached XP level 6. HP: 41/41 MP: 6/6
  2128 | D:3      | Reached skill level 1 in Evocations
  2292 | D:3      | Found a glowing drain.
  2379 | Sewer    | Entered a sewer
  2424 | Sewer    | Reached skill level 6 in Stealth
  2531 | Sewer    | Reached skill level 5 in Short Blades
  2531 | Sewer    | Reached XP level 7. HP: 45/45 MP: 8/8
  3254 | Sewer    | Reached skill level 7 in Stealth
  3316 | Sewer    | Reached XP level 8. HP: 51/51 MP: 10/10
  3758 | D:3      | Found a snail-covered altar of Cheibriados.
  3982 | D:3      | Found an ornate altar of the Wu Jian Council.
  3982 | D:3      | Found an opulent altar of Gozag.
  4392 | D:4      | Noticed Edmund
  4398 | D:4      | Killed Edmund
  4474 | D:4      | Found a staircase to the Ecumenical Temple.
  4480 | Temple   | Entered the Ecumenical Temple
  4668 | D:4      | Found Yschaclao's Armour Emporium.
  4672 | D:4      | Upgraded the game from 0.22-a0-772-gac08f70 to 0.22-a0-782-g038298e
  4820 | D:4      | Learned a level 1 spell: Apportation
  4919 | D:4      | Noticed Pikel
  4924 | D:4      | Killed Pikel
  4924 | D:4      | Reached skill level 8 in Stealth
  4924 | D:4      | Reached XP level 9. HP: 47/55 MP: 12/12
  4996 | D:5      | Entered Level 5 of the Dungeon
  5012 | D:5      | Reached skill level 9 in Stealth
  5389 | D:5      | Found a hazy altar of Hepliaklqana.
  5667 | D:5      | You fall through a shaft for 2 floors!
  5675 | D:6      | Found a shimmering altar of Xom.
  5903 | D:5      | Noticed Menkaure
  6010 | D:5      | Found Larimp's Antique Armour Shop.
  6018 | D:5      | Bought a shimmering shield for 237 gold pieces
  6023 | D:5      | Identified the cursed +0 shield of the Bulwark {rElec Int+9 Slay+3} (You bought it in a shop on level 5 of the Dungeon)
  6196 | D:5      | Found Xiacioky's Food Shoppe.
  6259 | D:5      | Killed Menkaure
  6409 | D:6      | Found Vickik Isut's Assorted Antiques.
  6409 | D:6      | Noticed Prince Ribbit
  6413 | D:6      | Killed Prince Ribbit
  6413 | D:6      | Reached skill level 10 in Stealth
  6500 | D:6      | Noticed Duvessa
  6501 | D:6      | Noticed Dowan
  6517 | D:6      | Killed Duvessa
  6520 | D:6      | Killed Dowan
  6520 | D:6      | Reached skill level 5 in Evocations
  6640 | D:6      | Reached skill level 1 in Shields
  7112 | D:6      | Noticed Blork the orc
  7140 | D:6      | Killed Blork the orc
  7140 | D:6      | Reached XP level 10. HP: 31/61 MP: 13/13
  7645 | D:7      | Reached skill level 10 in Short Blades
  8821 | D:8      | Found a deep blue altar of Sif Muna.
  8951 | D:8      | Noticed Erica
  9084 | D:8      | Found a sparkling altar of Nemelex Xobeh.
  9123 | D:8      | Reached skill level 11 in Stealth
 10031 | D:8      | Killed Erica
 10855 | D:9      | Reached XP level 11. HP: 62/65 MP: 15/15
 10897 | D:9      | Reached skill level 5 in Shields
 11077 | D:9      | Got a sparkling glass ring
 11080 | D:9      | Identified the ring "Situs" {rF+ rN+++ Str+5 Int-5 Slay-4} (You took it off an orc wizard on level 9 of the Dungeon)
 11435 | D:9      | Found a staircase to the Orcish Mines.
 11438 | D:9      | Found a shadowy altar of Dithmenos.
 11443 | D:9      | Became a worshipper of Dithmenos the Shadowed
 11560 | D:9      | Noticed a skeletal warrior
 11576 | D:9      | Killed a skeletal warrior
 11817 | D:9      | Found a staircase to the Lair.
 11818 | D:9      | Noticed a two-headed ogre
 12103 | D:9      | Reached skill level 12 in Stealth
 12314 | D:9      | Killed a two-headed ogre
 12314 | D:9      | Reached skill level 5 in Dodging
 12494 | D:9      | Found a radiant altar of Vehumet.
 12633 | D:9      | Noticed a four-headed hydra
 12962 | D:10     | Entered Level 10 of the Dungeon
 12971 | D:10     | Reached * piety under Dithmenos
 13001 | D:10     | Noticed a two-headed ogre
 13092 | D:10     | Noticed a two-headed ogre
 13102 | D:10     | Killed a two-headed ogre
 13126 | D:10     | Killed a two-headed ogre
 13360 | D:10     | Reached XP level 12. HP: 72/72 MP: 17/17
 13368 | D:10     | Noticed Josephine
 13394 | D:10     | Noticed Harold
 13455 | D:10     | HP: 2/72 [Harold/bolt of fire (18)]
 13696 | D:10     | Killed Josephine
 13944 | D:10     | Reached skill level 13 in Stealth
 13969 | D:10     | Killed Harold
 14483 | D:11     | Reached ** piety under Dithmenos
 14495 | D:11     | Noticed a two-headed ogre
 14507 | D:11     | Killed a two-headed ogre
 14683 | D:11     | Found a shimmering altar of Xom.
 14790 | D:11     | Identified a scroll of acquirement
 14945 | D:6      | Bought an ancient robe for 165 gold pieces
 14955 | D:6      | Identified the +4 robe "Kiskajerch" {Dex+8} (You bought it in a shop on level 6 of the Dungeon)
 15563 | D:12     | Noticed Azrael
 15568 | D:11     | Killed from afar by Azrael

Vault maps used:
D:1:      eino_arrival_cavern_b, serial_park_tiny_2
D:2:      uniq_sigmund, uniq_crazy_yiuf_cottage
D:3:      kennysheep_slug_shrine, amethyst_overflow_temple_binary,
          portal_sewer_entry_b, grunt_ministairs_2
D:4:      temple_doors_cd, serial_shops, shop, uniq_edmund, uniq_pikel
D:5:      kennysheep_mini_moat, first_ration, serial_shops,
          nicolae_shop_waterfront, shop_fountains, due_unseen_surprise,
          uniq_menkaure
D:6:      lemuel_crystal_altar, serial_shops, nicolae_shop_waterfront,
          uniq_duvessa, uniq_blork_the_orc, uniq_prince_ribbit1
D:8:      lemuel_round_altar, basic_altar, minmay_strange_pillars, uniq_erica
D:9:      minmay_the_grid_four_pointed_star_mashed, vehumet_altar_wand_db,
          grunt_dithmenos_shadows, erik_lair_orcish_takeover
D:10:     uniq_harold, uniq_josephine
D:11:     basic_altar
D:12:     basic_altar, the_bakery, uniq_azrael
Temple:   jpeg_temple_clearing
Sewer:    sewer_co_tree

Skill      XL: |  1  2  3  4  5  6  7  8  9 10 11 12 |
---------------+-------------------------------------+-----
Short Blades   | 3 4 5 6 8 9 10 12 | 12.9
Fighting       | 2 |  2.4
Dodging        | 2 4 5 6 |  6.4
Stealth        | 5 6 7 8 10 11 12 13 | 13.3
Evocations     | 2 3 4 5 6 7 |  7.4
Shields        | 1 4 7 8 |  8.5
Throwing       | |  2.6

Action                   |  1- 3 |  4- 6 |  7- 9 | 10-12 || total
-------------------------+-------+-------+-------+-------++-------
Melee: Dagger            |    37 |    65 |   444 |   771 ||  1317
       Unarmed           |       |       |       |    14 ||    14
       Short sword       |       |       |       |    15 ||    15
       Blowgun           |       |       |       |     1 ||     1
 Fire: Blowgun           |     6 |    35 |    34 |    25 ||   100
Throw: Stone             |     4 |     4 |    17 |       ||    25
       Tomahawk          |       |       |     6 |    21 ||    27
 Cast: Apportation       |       |       |     2 |       ||     2
 Abil: Evoke Berserk Rag |       |       |       |     8 ||     8
Evoke: Wand              |       |       |    10 |    11 ||    21
  Use: Potion            |       |     1 |    10 |     6 ||    17
       Scroll            |       |       |     6 |    16 ||    22
 Stab: Sleeping          |     9 |     6 |    21 |    21 ||    57
       Paralysed         |       |       |     4 |       ||     4
       Distracted        |       |       |       |     5 ||     5
  Eat: Chunk             |     1 |     4 |    12 |    25 ||    42
       Ration            |       |       |     1 |     4 ||     5
Armor: Robe              |     5 |     6 |    36 |    42 ||    89
       Leather armour    |       |       |    10 |    39 ||    49
Dodge: Dodged            |    15 |    46 |   210 |   264 ||   535
Block: Shield            |       |       |    13 |   259 ||   272

Table legend:
 A = Spawn XP
 B = Non-spawn XP
 C = Spawn XP percentage of total XP
 D = Spawn monster count
 E = Non-spawn monster count
 F = Spawn count percentage of total count
 G = Total turns spent on level
                    A         B        C        D         E        F      G
               +---------+---------+-------+---------+---------+-------+---------
         Total |       0 |   23326 |   0.0 |       0 |     303 |   0.0 | 15568
               +---------+---------+-------+---------+---------+-------+---------
           D:1 |       0 |      23 |   0.0 |       0 |      11 |   0.0 |   868
           D:2 |       0 |     281 |   0.0 |       0 |      18 |   0.0 |  1221
           D:3 |       0 |     144 |   0.0 |       0 |      26 |   0.0 |  1024
           D:4 |       0 |     999 |   0.0 |       0 |      14 |   0.0 |   793
           D:5 |       0 |     847 |   0.0 |       0 |      21 |   0.0 |  1383
           D:6 |       0 |    1096 |   0.0 |       0 |      19 |   0.0 |  1244
           D:7 |       0 |     888 |   0.0 |       0 |      17 |   0.0 |  1072
           D:8 |       0 |    2061 |   0.0 |       0 |      35 |   0.0 |  1946
           D:9 |       0 |    5889 |   0.0 |       0 |      46 |   0.0 |  2455
          D:10 |       0 |    8153 |   0.0 |       0 |      43 |   0.0 |  1445
          D:11 |       0 |    2249 |   0.0 |       0 |      25 |   0.0 |  1025
         Sewer |       0 |     696 |   0.0 |       0 |      28 |   0.0 |  1008
               +---------+---------+-------+---------+---------+-------+---------
